 Dungeon Crawl Stone Soup version 0.27.0-1-g7a089689b8 (webtiles) character file.

Game seed: 6739666348372853063

221 Naeght the Chopper (level 5, -1/70 HPs)
             Began as a Minotaur Berserker on Aug 17, 2021.
             Was a Believer of Trog.
             Slain by a gnoll (5 damage)
             ... on level 4 of the Dungeon.
             The game lasted 00:04:41 (4022 turns).

Naeght the Chopper (Minotaur Berserker)             Turns: 4022, Time: 00:04:42

Health: -1/70      AC:  3    Str: 22    XL:     5   Next: 65%
Magic:  4/4        EV:  7    Int:  4    God:    Trog [**....]
Gold:   180        SH:  0    Dex: 16    Spells: 4/4 levels left

rFire    . . .     SeeInvis .   r - +0 war axe
rCold    . . .     Faith    .   (no shield)
rNeg     . . .     Spirit   .   j - +0 leather armour
rPois    .         Reflect  .   (helmet restricted)
rElec    .         Harm     .   (no cloak)
rCorr    +         Rampage  .   (no gloves)
Will     .....                  (no boots)
Stlth    ..........             (no amulet)
HPRegen  0.21/turn              l - +6 ring of dexterity
MPRegen  0.09/turn              q - ring of resist corrosion

@: berserking (expiring), held, very quick
A: horns 2, retaliatory headbutt
a: Renounce Religion, Berserk, Trog's Hand


You were on level 4 of the Dungeon.
You worshipped Trog.
Trog was pleased with you.
You visited 1 branch of the dungeon, and saw 5 of its levels.

You collected 180 gold pieces.

Inventory:

Hand Weapons
 r - a +0 war axe (weapon)
Armour
 j - a +0 leather armour (worn)
Jewellery
 l - a +6 ring of dexterity (left hand)
 q - a ring of resist corrosion (right hand)
Scrolls
 b - 2 scrolls of teleportation {unknown}
 d - a scroll of noise {unknown}
 e - 2 scrolls of immolation {unknown}
 h - a scroll of magic mapping {unknown}
 i - 2 scrolls of identify {unknown}
 k - 3 scrolls of enchant weapon {unknown}
Potions
 c - a potion of might {unknown}
 f - a potion of mutation {unknown}
 g - 2 potions of brilliance {unknown}
 m - 2 potions of lignification {unknown}
 n - 2 potions of curing {unknown}
 o - a potion of haste {unknown}
 p - a potion of attraction {unknown}


   Skills:
 + Level 4.7 Fighting
 * Level 5.6 Axes
 + Level 3.9 Armour
 + Level 3.4 Dodging


You had 4 spell levels left.
You didn't know any spells.
Your spell library was empty.

Dungeon Overview and Level Annotations

Branches:
Dungeon (5/15)
 Temple: D:4-7

Altars:
Cheibriados
Okawaru


Innate Abilities, Weirdness & Mutations

You have a pair of horns on your head.
You reflexively headbutt those who attack you in melee.


Message History

You are too injured to fight recklessly!
You are too injured to fight recklessly!
You are too injured to fight recklessly!
You are too injured to fight recklessly!
You are too injured to fight recklessly!
You are too injured to fight recklessly!
You are too injured to fight recklessly!
You are too injured to fight recklessly!
You are too injured to fight recklessly!
You are too injured to fight recklessly!
You are too injured to fight recklessly!
You are too injured to fight recklessly!
You are too injured to fight recklessly!
You are too injured to fight recklessly!
You are too injured to fight recklessly!
Unknown command.
You closely miss the gnoll.
The gnoll is severely wounded.
The gnoll barely misses you.
You barely miss the gnoll.
The gnoll is severely wounded.
The gnoll hits you with a +0 whip!
* * * LOW HITPOINT WARNING * * *
Unknown command.
You hit the gnoll.
The gnoll is severely wounded.
The gnoll hits you with a +0 whip.
* * * LOW HITPOINT WARNING * * *
The gnoll hits you with a +0 whip!
* * * LOW HITPOINT WARNING * * *
You see here a +0 spear.
The gnoll throws a throwing net.
The throwing net hits you.
You become entangled in the net!
You see here a throwing net.
A red film seems to cover your vision as you go berserk!
You feel yourself moving faster!
You feel mighty!
You struggle against the net.
You feel a strong urge to attack something.
You tear a large gash into the net.
The gnoll hits you with a +0 whip.
You die...

#.# #.#
#.#
#.########
#.#
#.........
## #.#
##########
#. #.#
#.#####.#
#.#.....#
#.#.#####
#.#@#
#.#g#
#)).#
###.# ###


You could see a gnoll.

Vanquished Creatures
  An orc priest (D:4)
  Terence (D:3)
  2 orc wizards (D:4)
  3 gnolls (D:4)
  An adder (D:2)
  2 worms
  A dart slug (D:1)
  6 orcs (D:4)
  5 bats
  5 endoplasms
  3 giant cockroaches
  3 goblins
  6 hobgoblins
  2 jackals (D:2)
  8 kobolds
  2 quokkas
  4 ball pythons
  A frilled lizard (D:2)
  13 rats
69 creatures vanquished.

Notes
Turn   | Place    | Note
-------+----------+-------------------------------------------
     0 | D:1      | Naeght the Minotaur Berserker began the quest for the Orb.
     0 | D:1      | Reached XP level 1. HP: 19/19 MP: 0/0
   407 | D:1      | Reached XP level 2. HP: 26/27 MP: 1/1
   480 | D:1      | Reached skill level 4 in Axes
  1232 | D:2      | Reached ** piety under Trog
  1233 | D:2      | Reached XP level 3. HP: 26/33 MP: 2/2
  1560 | D:2      | Found a faded altar of an unknown god.
  2092 | D:2      | Found an iron altar of Okawaru.
  2414 | D:3      | Noticed Terence
  2423 | D:3      | Killed Terence
  2424 | D:3      | Reached XP level 4. HP: 6/40 MP: 3/3
  2905 | D:3      | You fall into a shaft and drop 2 floors!
  2905 | D:5      | Entered Level 5 of the Dungeon
  3006 | D:4      | Reached skill level 5 in Axes
  3412 | D:4      | Found a snail-covered altar of Cheibriados.
  3484 | D:4      | Reached XP level 5. HP: 11/47 MP: 4/4
  4017 | D:4      | HP: 2/47 [gnoll (9)]
  4022 | D:4      | Slain by a gnoll

Illustrated notes

Levels and vault maps discovered:
D:1:      tarquinn_simple_flora_water_f, layout_basic, minmay_rat_gold_closets
D:2:      layout_basic, basic_altar, ebering_ecumenical_altar_hall,
          hangedman_decor_clover_reticule, kennysheep_donut, st_stairs_12
D:3:      layout_loops_corners, mainiacjoe_overflow_alcove_2, uniq_terence
D:4:      layout_basic, cheibrodos_worm_habitat
D:5:      kennysheep_windowed_halls, layout_basic, okawaru_gym_becter,
          mainiacjoe_overflow_surrounded_room, eat_drink_and_be_merry_uskayaw,
          minmay_temple_entry_crystal_x, uniq_prince_ribbit1

Skill      XL: |  1  2  3  4 |
---------------+-------------+-----
Axes           | 4 5 |  5.6
Fighting       | 4 |  4.7
Armour         | 3 |  3.9
Dodging        | 3 |  3.4

Action                   |  1- 3 |  4- 6 || total
-------------------------+-------+-------++-------
Melee: Hand axe          |    86 |    40 ||   126
       Headbutt          |    11 |     9 ||    20
       War axe           |       |    11 ||    11
Invok: Berserk           |     1 |     1 ||     2
 Stab: Sleeping          |     2 |     1 ||     3
Armor: Animal skin       |    12 |       ||    12
       Leather armour    |       |     4 ||     4
Dodge: Dodged            |    56 |    26 ||    82
